 Dungeon Crawl Stone Soup version 0.30.1-9-gdf580d7c3d (webtiles) character file.

Game seed: 6096862762927933059

63 kfffffffffffffgeeege the Trooper (level 3, -5/32 HPs)
             Began as a Demonspawn Berserker on Oct 14, 2023.
             Was a Believer of Trog.
             Succumbed to a gnoll's poison
             ... on level 2 of the Dungeon.
             The game lasted 00:03:43 (987 turns).

kfffffffffffffgeeege the Trooper (DsBe)              Turns: 987, Time: 00:03:43

Health: -5/32      AC:  6    Str: 19    XL:     3   Next: 89%
Magic:  3/3        EV: 11    Int:  8    God:    Trog [**....]
Gold:   52         SH:  0    Dex: 12    Spells: 2/2 levels left

rFire   . . .        e - +0 short sword (drain)
rCold   . . .        (no shield)
rNeg    . . .        g - +1 ring mail {Will+}
rPois   .            (no helmet)
rElec   .            (no cloak)
rCorr   .            (no gloves)
SInv    .            (no boots)
Will    +....        (no amulet)
Stlth   +            (no ring)
HPRegen 0.25/turn    (no ring)
MPRegen 0.08/turn

%: no passive effects
@: lethally poisoned (-5 -> -31), on berserk cooldown, slowed, very slow
A: ignite blood 1
a: Renounce Religion, Berserk, Trog's Hand


You were on level 2 of the Dungeon.
You worshipped Trog.
Trog was pleased with you.
You visited 1 branch of the dungeon, and saw 2 of its levels.

You collected 52 gold pieces.

Inventory:

Hand Weapons
 a - a +0 hand axe
 e - a +0 short sword of draining (weapon)
Armour
 b - a +0 animal skin
 g - a +1 ring mail of willpower (worn)
Scrolls
 i - a scroll of identify {unknown}
 j - a scroll of poison {unknown}
Potions
 d - a potion of attraction {unknown}
 f - a potion of degeneration {unknown}
 h - 2 potions of brilliance {unknown}


   Skills:
 * Level 4.8 Fighting
 - Level 2.6 Axes
 - Level 1.7 Armour
 - Level 1.7 Dodging


You had 2 spell levels left.
You didn't know any spells.
Your spell library contained the following spells:

 Spells                   Type           Power      Damage    Failure   Level
 Sublimation of Blood     Necr           0%         N/A       75%         2
 Petrify                  Tmut/Erth      0%         N/A       100%        4
 Irradiate                Conj/Tmut      0%         3d11      100%        5


Dungeon Overview and Level Annotations

Branches:
Dungeon (2/15)

Altars:


Innate Abilities, Weirdness & Mutations

Your demonic aura sometimes causes spilled blood to erupt in flames.


Message History

The gnoll shouts!
A gnoll comes into view. It is wielding a +2 spear of venom.
You feel a strong urge to attack something.
The gnoll shouts!
The gnoll hits you with a +0 spear.
You closely miss the gnoll.
The gnoll hits you from afar with a +0 spear.
You barely miss the gnoll. You puncture the gnoll! You drain the gnoll.
You kill the gnoll!
Trog accepts your kill. The gnoll closely misses you.
The gnoll hits you with a +0 spear!
You puncture the gnoll!
The gnoll is heavily wounded.
You hit the gnoll. You drain the gnoll.
You kill the gnoll!
Trog accepts your kill.
You are no longer berserk.
You are exhausted.
You feel yourself slow down.
You hit the gnoll.
The gnoll is moderately wounded.
The gnoll hits you from afar with a +2 spear of venom.
The gnoll hits you but does no damage.
You barely miss the gnoll.
The gnoll is moderately wounded.
The gnoll hits you from afar with a +2 spear of venom!
You are lethally poisoned!
The gnoll hits you with a +0 flail.
* * * LOW HITPOINT WARNING * * *
The gnoll hits you with a +0 flail.
* * * LOW HITPOINT WARNING * * *
The gnoll hits you from afar with a +2 spear of venom.
* * * LOW HITPOINT WARNING * * *
You are more poisoned.
As you read the scroll labelled YWAYWK UQIKAE, it crumbles to dust.
You assume a fearsome visage.
The gnoll looks frightened! x2
It was a scroll of fear.
You die...

#.# #.# #.# #.# #
#.# #. #g# ##.##g#
# #.#.#@# ####...
#).####### #....#.
##.......#
##.##(..
#..#####.#
##...###.#.#.#
#####.....###.##.#
.................#
### #.........####
..####...###.##


You could see 2 gnolls.

Vanquished Creatures
  An adder (D:2)
  2 gnolls (D:2)
  4 endoplasms (D:1)
  A giant cockroach (D:1)
  2 hobgoblins (D:1)
  2 quokkas
  2 ball pythons (D:1)
  4 bats
  6 frilled lizards
  4 goblins
  5 kobolds (D:1)
  4 rats
37 creatures vanquished.

Notes
Turn   | Place    | Note
-------+----------+-------------------------------------------
     0 | D:1      | kfffffffffffffgeeege the Demonspawn Berserker began the
                  | quest for the Orb.
     0 | D:1      | Reached XP level 1. HP: 18/18 MP: 1/1
   194 | D:1      | Gained mutation: Your demonic aura sometimes causes spilled
                  | blood to erupt in flames. [demonic ancestry]
   194 | D:1      | Reached XP level 2. HP: 22/24 MP: 2/2
   374 | D:1      | Reached ** piety under Trog
   376 | D:1      | Reached skill level 4 in Fighting
   703 | D:1      | Reached XP level 3. HP: 30/30 MP: 3/3
   987 | D:2      | Succumbed to a gnoll's poison

Illustrated notes

Levels and vault maps discovered:
D:1:      sevenhm_arrival_forest_fort_small_4, layout_basic, serial_bayou,
          serial_bayou_ford_a, serial_bayou_lagoon_b, serial_bayou_shore_a,
          serial_bayou_crossing
D:2:      layout_loops_ring, shapermc_ecumenical_altar_ellora,
          grunt_decor_arrowhead, chequers_serial_rivers_large_a, minivault_25,
          uniq_terence

Skill      XL: |  1  2 |
---------------+-------+-----
Fighting       | 4 |  4.8
Axes           | |  2.6
Armour         | |  1.7
Dodging        | |  1.7

Action                     || total
---------------------------++-------
  Melee: Hand axe          ||    21
         Short sword       ||    83
 Invoke: Berserk           ||     1
    Use: Scroll            ||     1
 Armour: Animal skin       ||    12
         Ring mail         ||    12
  Dodge: Dodged            ||    46
